TOP OF THE 1ST |
Austin River Sharks batting - Pitching for Seattle Pikes : RHP Jesús Suárez
|
Pitching: RHP Jesús Suárez
|
|
Batting: RHB Kenneth Roberts
|
0-0: Foul Ball, location: 2F 0-1: Ground out 6-3 (Groundball, 56)
|
Batting: LHB Luis Padilla
|
0-0: Called Strike 0-1: Ball 1-1: Called Strike 1-2: SINGLE (Groundball, 34D)
|
Batting: LHB Roberto García
|
0-0: Ball 1-0: Ball 2-0: Foul Ball, location: 2F 2-1: Swinging Strike 2-2: Strikes out looking
|
Batting: LHB Pedro Zaragoza
|
0-0: Called Strike 0-1: Foul Ball, location: 2F 0-2: Ball 1-2: Fly out, F7 (Flyball, 7LM)
|
Top of the 1st over - 0 run(s), 1 hit(s), 0 error(s), 1 left on base; Austin 0 - Seattle 0 |
BOTTOM OF THE 1ST |
Seattle Pikes batting - Pitching for Austin River Sharks : RHP Troy Lynn
|
Pitching: RHP Troy Lynn
|
|
Batting: RHB Lorenzo Ayala
|
0-0: Foul Ball, location: 2F 0-1: Ground out U3 (Groundball, 3S)
|
Batting: LHB Robinson Fernández
|
0-0: Called Strike 0-1: SINGLE (Flyball, 7S)
|
Batting: RHB António Ortega
|
0-0: Ball 1-0: Grounds into double play, 1-6-3 (Groundball, 13)
|
Bottom of the 1st over - 0 run(s), 1 hit(s), 0 error(s), 0 left on base; Austin 0 - Seattle 0 |
TOP OF THE 2ND |
Austin River Sharks batting - Pitching for Seattle Pikes : RHP Jesús Suárez
|
Batting: SHB Juan Castro
|
0-0: Ball 1-0: DOUBLE (Groundball, 5L)
|
Batting: RHB Rich Ruffin
|
0-0: Called Strike 0-1: Ball 1-1: Swinging Strike 1-2: Strikes out swinging
|
Batting: RHB José Balina
|
0-0: Foul Ball, location: 2F 0-1: Ball 1-1: Ball 2-1: Ball 3-1: SINGLE (Line Drive, 34D) Juan Castro to third
|
Batting: LHB Terry Maloney
|
0-0: Ball 1-0: Swinging Strike 1-1: Foul Ball, location: 2F 1-2: Ball 2-2: DOUBLE (Line Drive, 7LS) Juan Castro scores José Balina to third Runner from 3rd tries for Home, throw and OUT! Terry Maloney to third
|
Batting: RHB Hidetada Kichida
|
0-0: Called Strike 0-1: Ball 1-1: Fly out, F3 (Popup, 3L)
|
Top of the 2nd over - 1 run(s), 3 hit(s), 0 error(s), 1 left on base; Austin 1 - Seattle 0 |
BOTTOM OF THE 2ND |
Seattle Pikes batting - Pitching for Austin River Sharks : RHP Troy Lynn
|
Batting: RHB Manuel Rico
|
0-0: Swinging Strike 0-1: Ball 1-1: SINGLE (Flyball, 6MD)
|
Batting: LHB Chad Weaver
|
0-0: Called Strike 0-1: Ball Manuel Rico is caught stealing 2nd base 1-1: Foul Ball, location: 2F 1-2: Ball 2-2: Strikes out swinging
|
Batting: RHB Tae-kwon Kwon
|
0-0: SINGLE (Groundball, 5D)
|
Batting: SHB Jong-min Kim
|
0-0: Swinging Strike 0-1: Ball 1-1: Foul Ball, location: 2F 1-2: Strikes out swinging
|
Bottom of the 2nd over - 0 run(s), 2 hit(s), 0 error(s), 1 left on base; Austin 1 - Seattle 0 |
TOP OF THE 3RD |
Austin River Sharks batting - Pitching for Seattle Pikes : RHP Jesús Suárez
|
Batting: RHB Kenneth Roberts
|
0-0: Called Strike 0-1: Ball 1-1: Called Strike 1-2: Ball 2-2: Ball 3-2: SINGLE (Groundball, 5L)
|
Batting: LHB Luis Padilla
|
0-0: Foul Ball, location: 2F 0-1: Ball 1-1: Called Strike 1-2: Ball 2-2: Foul Ball, location: 2F 2-2: Ball 3-2: Base on Balls Kenneth Roberts to second
|
Batting: LHB Roberto García
|
0-0: Ball 1-0: Called Strike 1-1: Ball 2-1: Grounds into double play, 5-4-3 (Groundball, 56) Kenneth Roberts to third
|
Batting: LHB Pedro Zaragoza
|
0-0: Ball 1-0: Ground out 5-3 (Groundball, 5S)
|
Top of the 3rd over - 0 run(s), 1 hit(s), 0 error(s), 1 left on base; Austin 1 - Seattle 0 |
BOTTOM OF THE 3RD |
Seattle Pikes batting - Pitching for Austin River Sharks : RHP Troy Lynn
|
Batting: LHB Eduardo Gómez
|
0-0: Ball 1-0: Ball 2-0: Fly out, F5 (Popup, 56)
|
Batting: RHB George Howard
|
0-0: Ground out 6-3 (Groundball, 6)
|
Batting: RHB Lorenzo Ayala
|
0-0: Foul Ball, location: 2F 0-1: Ground out 1-3 (Groundball, 15)
|
Bottom of the 3rd over - 0 run(s), 0 hit(s), 0 error(s), 0 left on base; Austin 1 - Seattle 0 |
TOP OF THE 4TH |
Austin River Sharks batting - Pitching for Seattle Pikes : RHP Jesús Suárez
|
Batting: SHB Juan Castro
|
0-0: Ball 1-0: Ball 2-0: Called Strike 2-1: Ball 3-1: Base on Balls
|
Batting: RHB Rich Ruffin
|
0-0: Called Strike 0-1: Ball 1-1: Ball 2-1: Foul Ball, location: 2F 2-2: Grounds into double play, 6-4-3 (Groundball, 6)
|
Batting: RHB José Balina
|
0-0: Ball 1-0: Ball 2-0: Called Strike 2-1: Foul Ball, location: 2F 2-2: Foul Ball, location: 2F 2-2: Foul Ball, location: 2F 2-2: DOUBLE (Line Drive, 8RXD)
|
Batting: LHB Terry Maloney
|
0-0: Ball 1-0: 2-RUN HOME RUN (Flyball, 9D), Distance : 452 ft
|
Batting: RHB Hidetada Kichida
|
0-0: Ball 1-0: Ball 2-0: Foul Ball, location: 2F 2-1: Swinging Strike 2-2: SINGLE (Flyball, 89S)
|
Batting: RHB Kenneth Roberts
|
0-0: 2-RUN HOME RUN (Flyball, 8LXD), Distance : 429 ft
|
Batting: LHB Luis Padilla
|
0-0: Fly out, F8 (Flyball, 89D)
|
Top of the 4th over - 4 run(s), 4 hit(s), 0 error(s), 0 left on base; Austin 5 - Seattle 0 |
BOTTOM OF THE 4TH |
Seattle Pikes batting - Pitching for Austin River Sharks : RHP Troy Lynn
|
Batting: LHB Robinson Fernández
|
0-0: DOUBLE (Flyball, 9LM)
|
Batting: RHB António Ortega
|
0-0: Ball 1-0: Called Strike 1-1: Ball 2-1: Ball 3-1: SINGLE (Groundball, 6M) Robinson Fernández to third
|
Batting: RHB Manuel Rico
|
0-0: Ball 1-0: Ball 2-0: Swinging Strike 2-1: Foul Ball, location: 2F 2-2: Ball 3-2: Foul Ball, location: 2F 3-2: SINGLE (Line Drive, 56) Robinson Fernández scores António Ortega to second
|
Batting: LHB Chad Weaver
|
0-0: SINGLE (Flyball, 78S) António Ortega to third Manuel Rico to second
|
Batting: RHB Tae-kwon Kwon
|
0-0: Called Strike 0-1: Called Strike 0-2: Foul Ball, location: 2F 0-2: Ball 1-2: Ball 2-2: Ball 3-2: Strikes out swinging
|
Batting: SHB Jong-min Kim
|
0-0: Reached on error, E4 (Groundball, 4) António Ortega scores Manuel Rico to third Chad Weaver to second
|
Batting: LHB Eduardo Gómez
|
0-0: Called Strike 0-1: Called Strike 0-2: Strikes out swinging
|
Batting: RHB George Howard
|
0-0: Foul Ball, location: 2F 0-1: Foul Ball, location: 2F 0-2: Ball 1-2: Ball 2-2: GRAND SLAM HOME RUN (Flyball, 89XD), Distance : 440 ft
|
Batting: RHB Lorenzo Ayala
|
0-0: Called Strike 0-1: Foul Ball, location: 2F 0-2: Ball 1-2: Strikes out swinging
|
Bottom of the 4th over - 6 run(s), 5 hit(s), 1 error(s), 0 left on base; Austin 5 - Seattle 6 |
TOP OF THE 5TH |
Austin River Sharks batting - Pitching for Seattle Pikes : RHP Jesús Suárez
|
Batting: LHB Roberto García
|
0-0: Ball 1-0: Ball 2-0: Ball 3-0: Called Strike 3-1: Ground out 1-3 (Groundball, 13)
|
Batting: LHB Pedro Zaragoza
|
0-0: Called Strike 0-1: Ground out 5-3 (Groundball, 5S)
|
Batting: SHB Juan Castro
|
0-0: Ball 1-0: Ball 2-0: DOUBLE (Line Drive, 89XD)
|
Batting: RHB Rich Ruffin
|
0-0: Called Strike 0-1: Foul Ball, location: 2F 0-2: Foul Ball, location: 2F 0-2: Ball 1-2: Ball 2-2: Ground out 5-3 (Groundball, 5)
|
Top of the 5th over - 0 run(s), 1 hit(s), 0 error(s), 1 left on base; Austin 5 - Seattle 6 |
BOTTOM OF THE 5TH |
Seattle Pikes batting - Pitching for Austin River Sharks : RHP Troy Lynn
|
Batting: LHB Robinson Fernández
|
0-0: Called Strike 0-1: Ball 1-1: Ball 2-1: Ground out 6-3 (Groundball, 6)
|
Batting: RHB António Ortega
|
0-0: Ball 1-0: DOUBLE (Line Drive, 7D)
|
Pinch Runner at 2nd Bruno Lalonde:
|
|
Batting: RHB Manuel Rico
|
0-0: Called Strike 0-1: Ball 1-1: Ball Bruno Lalonde is caught stealing 3rd base 2-1: Fly out, F5 (Popup, 5F)
|
Bottom of the 5th over - 0 run(s), 1 hit(s), 0 error(s), 0 left on base; Austin 5 - Seattle 6 |
TOP OF THE 6TH |
Austin River Sharks batting - Pitching for Seattle Pikes : RHP Jesús Suárez
|
Pitching: LHP Cristián Escobar
|
|
Batting: RHB José Balina
|
0-0: Reached on error, E4 (Groundball, 4)
|
Batting: LHB Terry Maloney
|
0-0: Called Strike 0-1: Fielders Choice at 2nd, 6-4 (Groundball, 6)
|
Batting: RHB Hidetada Kichida
|
0-0: Grounds into double play, 6-4-3 (Groundball, 6M)
|
Top of the 6th over - 0 run(s), 0 hit(s), 1 error(s), 0 left on base; Austin 5 - Seattle 6 |
BOTTOM OF THE 6TH |
Seattle Pikes batting - Pitching for Austin River Sharks : RHP Troy Lynn
|
Batting: LHB Chad Weaver
|
0-0: SINGLE (Groundball, 6MD)
|
Batting: RHB Tae-kwon Kwon
|
0-0: Called Strike Chad Weaver steals 2nd base 0-1: Ball 1-1: Ball 2-1: Ground out 5-3 (Groundball, 5S) Chad Weaver to third
|
Batting: SHB Jong-min Kim
|
0-0: Ball 1-0: Called Strike 1-1: Ball 2-1: Ground out 4-3 (Groundball, 4) Chad Weaver scores
|
Batting: LHB Eduardo Gómez
|
0-0: Ball 1-0: Ball 2-0: Called Strike 2-1: Swinging Strike 2-2: Strikes out swinging
|
Bottom of the 6th over - 1 run(s), 1 hit(s), 0 error(s), 0 left on base; Austin 5 - Seattle 7 |
TOP OF THE 7TH |
Austin River Sharks batting - Pitching for Seattle Pikes : LHP Cristián Escobar
|
Batting: RHB Kenneth Roberts
|
0-0: Fly out, F7 (Flyball, 78D)
|
Batting: LHB Luis Padilla
|
0-0: Swinging Strike 0-1: Foul Ball, location: 2F 0-2: Foul Ball, location: 2F 0-2: Foul Ball, location: 2F 0-2: Foul Ball, location: 2F 0-2: Strikes out swinging
|
Batting: LHB Roberto García
|
0-0: Foul Ball, location: 2F 0-1: Ball 1-1: Called Strike 1-2: Foul Ball, location: 2F 1-2: Ball 2-2: Foul Ball, location: 2F 2-2: Ball 3-2: Fly out, F8 (Flyball, 8LD)
|
Top of the 7th over - 0 run(s), 0 hit(s), 0 error(s), 0 left on base; Austin 5 - Seattle 7 |
BOTTOM OF THE 7TH |
Seattle Pikes batting - Pitching for Austin River Sharks : RHP Troy Lynn
|
Batting: RHB George Howard
|
0-0: Foul Ball, location: 2F 0-1: Ball 1-1: Called Strike 1-2: Foul Ball, location: 2F 1-2: Foul Ball, location: 2F 1-2: Foul Ball, location: 2F 1-2: Ground out 6-3 (Groundball, 56)
|
Batting: RHB Lorenzo Ayala
|
0-0: Swinging Strike 0-1: Foul Ball, location: 2F 0-2: Ball 1-2: Strikes out looking
|
Batting: LHB Robinson Fernández
|
0-0: Ball 1-0: Called Strike 1-1: Ball 2-1: Ground out 3-1 (Groundball, 34)
|
Bottom of the 7th over - 0 run(s), 0 hit(s), 0 error(s), 0 left on base; Austin 5 - Seattle 7 |
TOP OF THE 8TH |
Austin River Sharks batting - Pitching for Seattle Pikes : LHP Cristián Escobar
|
Batting: LHB Pedro Zaragoza
|
0-0: Foul Ball, location: 2F 0-1: Ball 1-1: Called Strike 1-2: Ground out 4-3 (Groundball, 4)
|
Pitching: LHP John Whitaker
|
|
Batting: SHB Juan Castro
|
0-0: Ball 1-0: Foul Ball, location: 2F 1-1: Ball 2-1: Swinging Strike 2-2: Strikes out looking
|
Batting: RHB Rich Ruffin
|
0-0: Ball 1-0: Called Strike 1-1: Ball 2-1: Foul Ball, location: 2F 2-2: Strikes out looking
|
Top of the 8th over - 0 run(s), 0 hit(s), 0 error(s), 0 left on base; Austin 5 - Seattle 7 |
BOTTOM OF THE 8TH |
Seattle Pikes batting - Pitching for Austin River Sharks : RHP Troy Lynn
|
Pitching: RHP Daniel Morris
|
|
Batting: LHB Bruno Lalonde
|
0-0: Foul Ball, location: 2F 0-1: Ball 1-1: Called Strike 1-2: Ball 2-2: Ball 3-2: Foul Ball, location: 2F 3-2: Base on Balls
|
Batting: RHB Manuel Rico
|
0-0: Called Strike 0-1: Called Strike 0-2: Fly out, F9 (Flyball, 9M)
|
Batting: LHB Chad Weaver
|
0-0: Ball 1-0: Foul Ball, location: 2F 1-1: Called Strike 1-2: 2-RUN HOME RUN (Flyball, 9D), Distance : 451 ft
|
Batting: RHB Tae-kwon Kwon
|
0-0: Ball 1-0: Ball 2-0: Ground out 5-3 (Groundball, 5)
|
Batting: SHB Jong-min Kim
|
0-0: SINGLE (Line Drive, 89S)
|
Batting: LHB Eduardo Gómez
|
0-0: Swinging Strike 0-1: Ball 1-1: Swinging Strike 1-2: Strikes out looking
|
Bottom of the 8th over - 2 run(s), 2 hit(s), 0 error(s), 1 left on base; Austin 5 - Seattle 9 |
TOP OF THE 9TH |
Austin River Sharks batting - Pitching for Seattle Pikes : LHP John Whitaker
|
Batting: RHB José Balina
|
0-0: Foul Ball, location: 2F 0-1: Ball 1-1: Foul Ball, location: 2F 1-2: Ball 2-2: Strikes out swinging
|
Batting: LHB Terry Maloney
|
0-0: Called Strike 0-1: Ball 1-1: Swinging Strike 1-2: Ball 2-2: Ball 3-2: Fly out, F7 (Flyball, 78S)
|
Batting: RHB Hidetada Kichida
|
0-0: Foul Ball, location: 2F 0-1: Called Strike 0-2: Ball 1-2: Ball 2-2: Ball 3-2: Foul Ball, location: 2F 3-2: Foul Ball, location: 2F 3-2: SINGLE (Groundball, 34D)
|
Batting: RHB Kenneth Roberts
|
0-0: Ball 1-0: Fly out, F7 (Flyball, 7S)
|
Top of the 9th over - 0 run(s), 1 hit(s), 0 error(s), 1 left on base; Austin 5 - Seattle 9 |
|